AoeStats
← Infadel

Arabia

510417784Analyzed
1v1 RM · 17h ago on Sep 30, 2026· 75m 31s· 2 players
Game mode
Random Map
Map size
Tiny (2 player)
Population
200
Speed
Normal
Resources
Standard
Victory
Conquest
Starting age
Dark Age
Ending age
Imperial Age
RankedLock teamsTeams togetherTeam positionsShared explorationLock speedFull tech treeHidden civsTurbo modeCheats
Victory
Defeat
🇮🇳 Saracens · India
1087
+16
🇻🇪 Mongols · Venezuela
1081
-16
Dkhan
5:45 Loom
8:14 Feudal Age
14:35 Fletching
17:19 Double-Bit Axe
18:03 Padded Archer Armor
19:33 Horse Collar
22:02 Forging
23:34 Wheelbarrow
23:52 Gold Mining
28:45 Castle Age
29:03 Bloodlines
31:21 Thumb Ring
31:39 Bow Saw
31:40 Heavy Plow
32:39 Husbandry
34:20 Ballistics
33:59 Town Watch
34:47 Bodkin Arrow
35:00 Elite Skirmisher
39:36 Light Cavalry
41:05 Scale Barding Armor
43:46 Leather Archer Armor
51:38 Imperial Age
51:16 Hand Cart
52:02 Stone Mining
53:57 Chain Barding Armor
58:50 Bracer
60:44 Iron Casting
60:03 Hussar
62:10 Chemistry
64:00 Gold Shaft Mining
66:06 Parthian Tactics
66:17 Heavy Cavalry Archer
71:26 Pikeman
Infadel
7:05 Loom
9:33 Feudal Age
10:46 Double-Bit Axe
21:37 Forging
21:44 Gold Mining
23:05 Fletching
25:58 Castle Age
24:44 Bloodlines
25:20 Horse Collar
26:55 Bow Saw
28:16 Scale Barding Armor
28:14 Town Watch
29:08 Stone Mining
36:14 Padded Archer Armor
38:03 Gold Shaft Mining
39:24 Town Patrol
39:59 Wheelbarrow
39:58 Light Cavalry
42:19 Hand Cart
44:39 Imperial Age
43:04 Elite Skirmisher
44:21 Bimaristan
45:06 Iron Casting
52:11 Heavy Plow
54:09 Hand Cart
56:04 Conscription
55:22 Hussar
57:16 Chain Barding Armor
58:17 Blast Furnace
57:13 Bodkin Arrow
58:02 Leather Archer Armor
60:19 Plate Barding Armor
59:53 Heavy Camel Rider
62:39 Bodkin Arrow
63:00 Leather Archer Armor
65:58 Bracer
Connection lost

Rejoining the realm…

Still unreachable

The connection could not be restored.

Session expired

The server has moved on; the page needs a fresh start.